 Dungeon Crawl Stone Soup version 0.31.0-1-g2c135a008e (webtiles) character file.

Game seed: 12534209122708061844

286 qw the Shooter (level 6, -1/46 HPs)
             Began as a Djinni Hunter on Jan 24, 2024.
             Slain by a gnoll
             ... wielding a +0 club
             ... led by a gnoll bouda
              (2 damage)
             ... on level 4 of the Dungeon.
             The game lasted 00:00:09 (2315 turns).

qw the Shooter (Djinni Hunter)                      Turns: 2315, Time: 00:00:10

Health: -1/46      AC:  7    Str: 10    XL:     6   Next: 56%
Gold:   96         EV: 12    Int: 11    God:
                   SH:  0    Dex: 24

rFire   + + .        a - +0 shortbow
rCold   x . .        (shield currently unavailable)
rNeg    . . .        i - +0 ring mail
rPois   inf          f - +0 helmet
rElec   .            (no cloak)
rCorr   .            l - +0 pair of gloves
SInv    .            (boots unavailable)
Will    +....        (no amulet)
Stlth   +            p - +6 ring of dexterity
HPRegen 0.27/turn    e - ring of willpower
MPRegen 0.00/turn

%: infuse magic (-2 HP)
@: flying
A: sickness immunity, fire resistance 2, cold vulnerability 1, float, innate
caster, HP casting, extra vitality 1
a: no special abilities


You were on level 4 of the Dungeon.
You visited 1 branch of the dungeon, and saw 4 of its levels.

You collected 96 gold pieces.


Innate Abilities, Weirdness & Mutations

You are immune to sickness and miasma.
You are immune to poison.
Your flesh is very heat resistant. (rF++)
You are vulnerable to cold. (rC-)
You float through the air rather than walking.
You learn spells naturally, not from books.
Your magical power is your life essence.
You have superior vitality. (+4 MHP)


   Skills:
 - Level 3.1 Fighting
 + Level 4.9 Ranged Weapons
 - Level 1.0 Armour
 - Level 4.1 Dodging
 - Level 0.7 Stealth


You knew the following spells:

 Your Spells              Type           Power      Damage    Failure   Level
a - Magic Dart            Conj           0%         1d3       65%         1
b - Scorch                Fire           0%         2d5       80%         2
Your spell library was empty.

Inventory:

Hand Weapons
 a - a +0 shortbow (weapon)
Armour
 f - a +0 helmet (worn)
 i - a +0 ring mail (worn)
 l - a +0 pair of gloves (worn)
Jewellery
 e - a ring of willpower (right hand)
 g - a ring of positive energy
 p - a +6 ring of dexterity (left hand)
 Y - a ring of ice
Scrolls
 b - a scroll of fog {unknown}
 d - a scroll of enchant armour {unknown}
Potions
 c - 3 potions of enlightenment
 j - a potion of curing
 q - a potion of degeneration {unknown}

Dungeon Overview and Level Annotations

Branches:
Dungeon (4/15)
 Temple: D:4-7

Altars:
Yredelemnul


Message History

You shoot an arrow. The arrow hits the gnoll bouda.
The gnoll bouda is heavily wounded.
The gnoll bouda closely misses you. The gnoll hits you with a +0 club.
The gnoll bouda gazes fiercely through you!
You feel as though you will be weak longer.
The gnoll bouda completely misses you.
You shoot an arrow.
The arrow closely misses the gnoll bouda.
The gnoll hits you with a +0 club.
The gnoll hits you from afar with a +0 spear.
The gnoll bouda hits you with a +0 whip.
The gnoll misses you. The gnoll hits you but does no damage.
You shoot an arrow. The arrow hits the gnoll bouda.
The gnoll bouda is severely wounded.
The gnoll bouda hits you with a +0 whip!
The gnoll hits you from afar with a +0 spear.
The gnoll closely misses you.
You shoot an arrow.
The arrow barely misses the gnoll bouda.
The gnoll bouda calls upon its god to heal the gnoll.
The gnoll's wounds heal themselves!
The gnoll barely misses you. The gnoll misses you.
The gnoll bouda barely misses you.
You shoot an arrow.
The arrow hits the gnoll bouda but does no damage.
The gnoll bouda is severely wounded.
The gnoll hits you with a +0 club. The gnoll hits you but does no damage.
The gnoll bouda hits you with a +0 whip!
The gnoll hits you but does no damage.
The gnoll hits you from afar with a +0 spear.
You shoot an arrow.
The arrow barely misses the gnoll bouda.
The gnoll bouda barely misses you. The gnoll barely misses you.
You shoot an arrow. The arrow hits the gnoll bouda.
The gnoll bouda is severely wounded.
Your attacks no longer feel as feeble.
The gnoll bouda calls upon its god to heal the gnoll.
The gnoll's wounds heal themselves!
The gnoll barely misses you.
The gnoll hits you from afar with a +0 spear.
The gnoll bouda closely misses you. The gnoll hits you with a +0 club.
You die...

###+###'..+.+#.#
#......
.......#..##.#.#
#......
.......#..##.#
#......
###+###'####.#
#...... #.....##
#.#+#### #......
#####..# #......#
#......
#######.###......#
#......
.................#
######.
#####.......g@g..#
#. #.#######.####
###' #. #g# #...
#. #.. #... # ....
#... ..... ##'#
.[.... #.# ......
##.# #.######..#


You could see a gnoll bouda and 2 gnolls.

Vanquished Creatures
  Duvessa (D:4)
  Dowan (D:4)
  Natasha (D:4)
  2 gnolls (D:4)
  2 adders
  5 dart slugs
  4 orcs (D:3)
  7 ball pythons
  5 bats
  4 endoplasms
  7 giant cockroaches
  4 goblins
  4 hobgoblins
  A quokka (D:3)
  3 frilled lizards (D:1)
  8 kobolds
  9 rats
68 creatures vanquished.

Notes
Turn   | Place    | Note
-------+----------+-------------------------------------------
     0 | D:1      | qw the Djinni Hunter began the quest for the Orb.
     0 | D:1      | Reached XP level 1. HP: 18/18 MP: 0/0
     0 | D:1      | 0 ||| qw: Version: 0.3-a-136-gdd3b4e8
     0 | D:1      | 0 ||| qw: Game counter: 1238
     0 | D:1      | 0 ||| qw: Melee chars always use a shield: true
     0 | D:1      | 0 ||| qw: God list: Okawaru
     0 | D:1      | 0 ||| qw: Allow faded altars: false
     0 | D:1      | 0 ||| qw: Do Orc after clearing Dungeon:15 true
     0 | D:1      | 0 ||| qw: Do second Lair branch before Depths: true
     0 | D:1      | 0 ||| qw: Lair rune preference: random
     0 | D:1      | 0 ||| qw: Goals: Normal
     0 | D:1      | 0 ||| PLANNING D:1-11
   152 | D:1      | Reached XP level 2. HP: 23/23 MP: 0/0
   301 | D:1      | Reached XP level 3. HP: 28/28 MP: 0/0
   301 | D:1      | Learned a level 1 spell: Magic Dart
   854 | D:1      | 854 ||| UPGRADING to +0 ring mail.
   864 | D:1      | 864 ||| DROPPING +0 leather armour.
   865 | D:1      | 865 ||| UPGRADING to +0 pair of gloves.
   870 | D:1      | 870 ||| UPGRADING to ring of ice.
   871 | D:1      | 871 ||| UPGRADING to ring of willpower.
   872 | D:1      | 872 ||| READING 3 scrolls labelled DUANAGISEZYU.
   873 | D:1      | 873 ||| READING 2 scrolls labelled EGGYTU WURIATTYV.
   873 | D:1      | 873 ||| IDENTIFYING black potion
   874 | D:1      | 874 ||| READING scroll of identify.
   874 | D:1      | 874 ||| IDENTIFYING sedimented sapphire potion
   875 | D:1      | 875 ||| DRINKING 2 emerald potions.
   876 | D:1      | 876 ||| DROPPING scroll of butterflies.
   877 | D:1      | 877 ||| DROPPING 2 scrolls of fear.
   878 | D:1      | 878 ||| DROPPING potion of magic.
   879 | D:1      | 879 ||| DROPPING potion of attraction.
   904 | D:2      | 904 ||| STAIRDANCE
  1117 | D:2      | Reached skill level 1 in Armour
  1163 | D:2      | Reached XP level 4. HP: 34/34 MP: 0/0
  1403 | D:2      | 1403 ||| DRINKING 2 orange potions.
  1432 | D:3      | Reached skill level 3 in Fighting
  1574 | D:3      | Identified the +3 scale mail of Xexun {Int+3 Slay+3}
  1820 | D:3      | 1820 ||| UPGRADING to +0 helmet.
  1825 | D:3      | 1825 ||| DROPPING ring of ice.
  1826 | D:3      | 1826 ||| UPGRADING to +6 ring of dexterity.
  1828 | D:3      | 1828 ||| READING 2 scrolls of identify.
  1828 | D:3      | 1828 ||| IDENTIFYING coppery potion
  1829 | D:3      | 1829 ||| READING scroll of identify.
  1829 | D:3      | 1829 ||| IDENTIFYING puce potion
  1830 | D:3      | 1830 ||| READING scroll labelled GASAGEEBRI.
  1831 | D:3      | 1831 ||| READING scroll labelled TAUPAOHEUPP.
  1832 | D:3      | 1832 ||| READING scroll labelled HISHRO XYENAIRO.
  1833 | D:3      | 1833 ||| READING scroll labelled FAW UJITERR.
  1834 | D:3      | 1834 ||| DROPPING potion of ambrosia.
  1939 | D:4      | Noticed Dowan
  1941 | D:4      | Noticed Duvessa
  1942 | D:4      | 1942 ||| ZAPPING wand of light (3) at -2,1 (Duvessa;
                  | floor).
  1943 | D:4      | 1943 ||| ZAPPING wand of light (2) at -1,0 (Duvessa;
                  | floor).
  1944 | D:4      | 1944 ||| ZAPPING wand of light (1) at -1,0 (Duvessa;
                  | floor).
  1945 | D:4      | Killed Duvessa
  1945 | D:4      | HP: 5/35 [Dowan/shard of ice (30)]
  1946 | D:4      | Reached XP level 5. HP: 5/40 MP: 0/0
  1946 | D:4      | Learned a level 2 spell: Scorch
  1946 | D:4      | Reached XP level 6. HP: 6/46 MP: 0/0
  1946 | D:4      | 1946 ||| DRINKING potion of heal wounds.
  1949 | D:4      | 1949 ||| FLEEEEING.
  1950 | D:4      | 1950 ||| FLEEEEING.
  1951 | D:4      | 1951 ||| FLEEEEING.
  1952 | D:4      | 1952 ||| FLEEEEING.
  1953 | D:4      | 1953 ||| FLEEEEING.
  1954 | D:4      | 1954 ||| FLEEEEING.
  1955 | D:4      | 1955 ||| FLEEEEING.
  1956 | D:4      | 1956 ||| FLEEEEING.
  1957 | D:4      | 1957 ||| FLEEEEING.
  1958 | D:4      | 1958 ||| FLEEEEING.
  1963 | D:4      | HP: 9/46 [Dowan/shard of ice (20)]
  1964 | D:4      | Killed Dowan
  2160 | D:4      | Noticed Natasha
  2167 | D:4      | Killed Natasha
  2273 | D:4      | Found a basalt altar of Yredelemnul.
  2313 | D:4      | HP: 8/46 [gnoll bouda/+0 whip (7)]
  2315 | D:4      | HP: 1/46 [gnoll/+0 spear[a gnoll bouda] (5)]
  2315 | D:4      | Slain by a gnoll

Levels and vault maps discovered:
D:1:      roderic_crossed_star, layout_loops_corners
D:2:      layout_basic
D:3:      layout_rooms, minmay_unequal
D:4:      layout_basic, nicolae_ru_path_of_blood, mainiacjoe_overflow_24_doors,
          uniq_natasha, uniq_duvessa

Skill      XL: |  1  2  3  4 |
---------------+-------------+-----
Ranged Weapons | 4 |  4.9
Armour         | 1 |  1.0
Fighting       | 3 |  3.1
Dodging        | 4 |  4.1
Stealth        | |  0.7

Action                     |  1- 3 |  4- 6 || total
---------------------------+-------+-------++-------
   Fire: Shortbow          |   105 |    82 ||   187
  Evoke: Wand              |       |     3 ||     3
    Use: Scroll            |     3 |     6 ||     9
         Potion            |     1 |     2 ||     3
 Armour: Leather armour    |    19 |       ||    19
         Ring mail         |    14 |    26 ||    40
  Dodge: Dodged            |    27 |    25 ||    52

Table legend:
 A = Non-vault XP
 B = Vault XP
 C = Vault XP percentage of total XP
 D = Non-vault monster count
 E = Vault monster count
 F = Vault count percentage of total count
                 A         B        C        D         E       F
            +---------+---------+-------+---------+---------+-------
      Total |     164 |     245 |  59.9 |      63 |       5 |   7.4
            +---------+---------+-------+---------+---------+-------
        D:1 |      50 |       0 |   0.0 |      28 |       0 |   0.0
        D:2 |      29 |       0 |   0.0 |      12 |       0 |   0.0
        D:3 |      53 |       4 |   7.0 |      19 |       2 |   9.5
        D:4 |      32 |     241 |  88.3 |       4 |       3 |  42.9
            +---------+---------+-------+---------+---------+-------
